 Dungeon Crawl Stone Soup version 0.26.0-16-gc1dbca0489 (webtiles) character file.

Game seed: 17581421325910613542

46138 Gauvater the Cleaver (level 14, -4/169 HPs)
             Began as a Formicid Fighter on Jan 18, 2021.
             Was an Elder of Makhleb.
             Slain by an eight-headed hydra (10 damage)
             ... on level 4 of the Lair of Beasts.
             The game lasted 01:52:50 (21476 turns).

Gauvater the Cleaver (Formicid Fighter)            Turns: 21476, Time: 01:53:20

Health: -4/169     AC: 31    Str: 31    XL:     14   Next: 74%
Magic:  22/22      EV:  2    Int:  8    God:    Makhleb [****..]
Gold:   1382       SH: 13    Dex: 15    Spells: 13/13 levels left

rFire    . . .     SeeInvis .   u - +11 battleaxe of Harmony {freeze, Will+}
rCold    . . .     Faith    .   c - +0 kite shield
rNeg     + + +     Spirit   .   (armour currently unavailable)
rPois    +         Reflect  .   (helmet unavailable)
rElec    .         Harm     .   (cloak currently unavailable)
rCorr    .         Rampage  .   (gloves currently unavailable)
Will     ++...                  (boots currently unavailable)
Stlth    ++........             v - amulet of regeneration
HPRegen  0.78/turn              t - +4 ring of protection
MPRegen  0.18/turn              F - ring "Ceyckut" {Str+6 Dex+4 Slay+2 Stlth-}

@: mighty, tree-form
A: permanent stasis, dig shafts and tunnels, four strong arms, subdued magic 1
a: Renounce Religion, Minor Destruction, Lesser Servant of Makhleb, Major
Destruction


You were on level 4 of the Lair of Beasts.
You worshipped Makhleb.
Makhleb was greatly pleased with you.
You were a tree.
You visited 4 branches of the dungeon, and saw 21 of its levels.

You collected 2159 gold pieces.
You spent 777 gold pieces at shops.

Inventory:

Hand Weapons
 k - the +8 dagger "Sidem" {pain, Will++ SInv}
   (You found it on level 8 of the Dungeon)

   In the hands of one skilled in necromantic magic, it inflicts extra damage on
   living creatures.
   It affects your willpower, your defense against some magical effects.
   It lets you see invisible.
 u - the +11 battleaxe of Harmony (weapon) {freeze, Will+}
   (You bought it in a shop on level 2 of the Orcish Mines)

   It has been specially enchanted to freeze those struck by it, causing extra
   injury to most foes and up to half again as much damage against particularly
   susceptible opponents.
   It can also slow down cold-blooded creatures.
   It affects your willpower, your defense against some magical effects.
 w - a +3 long sword of holy wrath
 B - a +3 mace of freezing
 E - the +1 rapier of Glory {vorpal, rC++}
   (You found it on level 3 of the Lair of Beasts)

   It inflicts extra damage upon your enemies.
   It greatly protects you from cold.
 Q - a +0 antimagic hand axe
 R - a +3 dagger of chaos
Missiles
 f - 265 stones
 C - 36 poisoned darts
 I - 25 boomerangs (quivered)
 M - 8 javelins
 V - 2 boomerangs of dispersal
 Y - 2 curare-tipped darts
Armour
 a - a +1 plate armour of poison resistance (melded)
 c - a +0 kite shield (worn)
 j - a +2 pair of gloves (melded)
 A - a scarf of repulsion (melded)
 N - a +2 pair of boots (melded)
Jewellery
 e - an uncursed amulet of magic regeneration
 g - a +4 ring of protection
 i - an uncursed ring of protection from fire
 r - an uncursed ring of protection from fire
 t - a +4 ring of protection (left branch)
 v - an amulet of regeneration (around neck)
 F - the ring "Ceyckut" (right branch) {Str+6 Dex+4 Slay+2 Stlth-}
   (You found it on level 6 of the Dungeon)

   [ring of strength]

   It affects your strength (+6).
   It affects your dexterity (+4).
   It affects your accuracy and damage with ranged weapons and melee attacks
   (+2).
   It makes you less stealthy.
 K - an uncursed ring of willpower
 U - an uncursed ring of resist corrosion
Wands
 l - a wand of polymorph (35)
 n - a wand of digging (10)
 O - a wand of random effects (16)
 T - a wand of iceblast (12)
 X - a wand of flame (21)
Scrolls
 h - 4 scrolls of magic mapping
 m - 7 scrolls of remove curse
 x - 5 scrolls of amnesia
 y - a scroll of enchant weapon
 D - 4 scrolls of fog
 H - 2 scrolls of fear
 J - 4 scrolls of holy word
Potions
 b - 2 potions of resistance
 o - 6 potions of flight
 q - 7 potions of lignification
 s - a potion of magic
 z - 2 potions of invisibility
 G - a potion of brilliance


   Skills:
 * Level 11.3 Fighting
 + Level 7.4 Short Blades
 + Level 12.3 Axes
 + Level 3.9 Throwing
 + Level 9.5 Armour
 * Level 7.1 Dodging
 + Level 5.4 Stealth
 - Level 9.3 Shields
 * Level 11.8 Invocations


You had 13 spell levels left.
You didn't know any spells.
Your spell library contained the following spells:

 Spells                   Type           Power        Failure   Level
 Corona                   Hex            0%           36%         1
 Sandblast                Erth           0%           36%         1
 Passwall                 Tmut/Erth      0%           50%         2
 Slow                     Hex            0%           50%         2
 Inner Flame              Hex/Fire       0%           75%         3
 Portal Projectile        Hex/Tloc       0%           75%         3
 Stone Arrow              Conj/Erth      0%           75%         3
 Cause Fear               Hex            0%           99%         4
 Leda's Liquefaction      Hex/Erth       0%           99%         4
 Passage of Golubria      Tloc           N/A          99%         4
 Petrify                  Tmut/Erth      0%           99%         4
 Lee's Rapid Deconstruct  Erth           0%           100%        5
 Invisibility             Hex            0%           100%        6
 Swiftness                Air            Unusable     N/A         2

Dungeon Overview and Level Annotations

Branches:
Dungeon (14/15)            Temple (1/1) D:7            Lair (4/6) D:8
  Swamp (0/4) Lair:3       Spider (0/4) Lair:3          Orc (2/2) D:10
    Elf (0/3) Orc:2
 Vaults: D:13-14

Altars:
Ashenzari
Cheibriados
Dithmenos
Elyvilon
Fedhas
Gozag
Hepliaklqana
Kikubaaqudgha
Makhleb
Nemelex Xobeh
Okawaru
Qazlal
Ru
Sif Muna
Trog
Uskayaw
Vehumet
Wu Jian
Xom
Yredelemnul
Zin
The Shining One
Beogh

Shops:
D:9 [:   Orc:2 ([:*

Annotations:
D:5 Prince Ribbit


Innate Abilities, Weirdness & Mutations

You cannot be hasted, slowed, berserked, paralysed or teleported.
You can dig through walls and to a lower floor.
Your four strong arms can wield two-handed weapons with a shield.
((You have a pair of large antennae on your head. (SInv)))
Your spells are a little easier to cast, but a little less powerful.


Message History

The five-headed hydra grows two more!
You hit the seven-headed hydra.
The seven-headed hydra seems to slow down.
You freeze the seven-headed hydra.
The seven-headed hydra is lightly wounded.
Your cacodemon hits the seven-headed hydra.
Your cacodemon hits the seven-headed hydra!
You slice one of the seven-headed hydra's heads off!
The six-headed hydra grows two more!
You slash the eight-headed hydra!
The eight-headed hydra seems to slow down.
You freeze the eight-headed hydra.
The eight-headed hydra is moderately wounded.
Your cacodemon hits the eight-headed hydra!
Your cacodemon hits the eight-headed hydra.
You block the eight-headed hydra's attack.
The eight-headed hydra bites you.
* * * LOW HITPOINT WARNING * * *
The eight-headed hydra bites you!
* * * LOW HITPOINT WARNING * * *
The eight-headed hydra bites you!
You die...

{ ###. {.T. ###########..
#....##..#.## {
#.....#..††.# {
##..F##.....##
#...'...§...#.###....
###†#..###†##.#...... .⌠
##'##.#.#♣#..P.P....###.. ##
+..{+..YD2##.......#..... .
#...##†...##............. #.
#....Y....#......#..... .#.#
###+...##.####..# #....#
#.#.##.......#####...# #...#
{
....................####†.##
..##..†......#..#...###....#
{
P.....†.....##.##......<.⌠##
<.


You could see an eight-headed hydra (slow), 2 elephants and a friendly cacodemon
(summoned).

Vanquished Creatures
  Snorg (Lair:4)
  Erolcha (D:12)
  A hydra (Lair:2)
  2 boulder beetles
  2 centaur warriors (D:13)
  2 two-headed ogres
  A death yak (Lair:4)
  4 orc high priests
  An unseen horror (D:12)
  An orc knight (Orc:1)
  Pikel (D:4)
  3 orc sorcerers (Orc:2)
  3 cyclopes
  A wolf spider (Lair:3)
  A manticore (D:12)
  2 ugly things
  An elephant (Lair:4)
  A black mamba (Lair:1)
  Psyche (D:10)
  A torpor snail (Lair:3)
  7 cane toads
  A rime drake (Lair:1)
  A komodo dragon (shapeshifter) (D:12)
  A rime drake (shapeshifter) (D:13)
  3 komodo dragons
  2 trolls (Orc:2)
  A meliai (shapeshifter) (D:12)
  3 meliai
  2 polar bears
  Grinder (D:3)
  A hornet (D:9)
  3 jumping spiders (Lair:3)
  6 blink frogs
  4 slime creatures (D:11)
  Sigmund (D:3)
  2 vampires
  A shadow (D:13)
  27 yaks
  4 wyverns
  A basilisk (Lair:2)
  5 vampire mosquitoes
  2 swamp worms (Lair:3)
  2 wargs (Orc:2)
  3 acid dragons
  5 water moccasins
  6 black bears
  3 necrophages
  4 ice beasts
  27 orc warriors
  2 sky beasts
  2 phantoms
  9 wolves
  2 centaurs
  2 eyes of draining (D:9)
  17 ogres
  A big kobold (D:10)
  11 bullfrogs
  3 scorpions
  A wyvern skeleton (D:13)
  15 killer bees
  15 wights
  9 howler monkeys
  A jelly (D:8)
  A centaur zombie (D:9)
  A quasit (D:11)
  17 orc wizards
  8 orc priests
  5 hounds
  An iguana (D:4)
  7 centaur skeletons
  Jessica (D:2)
  2 bullfrog skeletons
  Ijyb (D:2)
  3 hell rats (Lair:4)
  15 worker ants
  2 hound zombies (D:11)
  A hound skeleton (D:6)
  A worker ant zombie (D:5)
  A gnoll (D:10)
  17 adders
  10 river rats (Lair:4)
  A shadow imp (D:7)
  4 ufetubi
  2 oozes (D:4)
  2 adder skeletons
  2 worms (D:4)
  2 dart slugs
  3 leopard geckos
  71 orcs
  8 bats
  4 giant cockroaches
  10 goblins
  10 hobgoblins
  10 jackals
  13 kobolds
  4 quokkas
  A ball python (D:6)
  4 frilled lizards
  A quokka zombie (D:5)
  8 rats
504 creatures vanquished.

Vanquished Creatures (collateral kills)
  An orc warlord (Orc:2)
  3 hydras
  An orc knight (Orc:2)
  An orc sorcerer (Orc:2)
  A troll (D:13)
  3 slime creatures (D:11)
  A shadow (D:13)
  A vampire mosquito (D:12)
  7 orc warriors
  A black bear (D:11)
  A gnoll sergeant (D:10)
  A water moccasin zombie (D:12)
  6 wights (D:11)
  3 orc priests
  An orc wizard (Orc:2)
  A bullfrog skeleton (D:11)
  2 iguanas
  A worker ant (D:11)
  3 gnolls (D:10)
  11 orcs
50 creatures vanquished.

Vanquished Creatures (others)
  A jackal (D:1)
  23 fungi
  14 plants
38 creatures vanquished.

Grand Total: 592 creatures vanquished

Notes
Turn   | Place    | Note
-------+----------+-------------------------------------------
     0 | D:1      | Gauvater the Formicid Fighter began the quest for the Orb.
     0 | D:1      | Reached XP level 1. HP: 18/18 MP: 1/1
   139 | D:1      | Reached XP level 2. HP: 22/24 MP: 2/2
   490 | D:1      | Reached XP level 3. HP: 22/29 MP: 3/3
   975 | D:2      | Noticed Ijyb
   989 | D:2      | Killed Ijyb
   990 | D:2      | Reached XP level 4. HP: 36/37 MP: 4/4
  1286 | D:2      | Noticed Jessica
  1294 | D:2      | Killed Jessica
  1295 | D:2      | Reached XP level 5. HP: 29/42 MP: 5/5
  1528 | D:2      | Found a white marble altar of Elyvilon.
  1656 | D:2      | Reached skill level 5 in Shields
  1743 | D:2      | Reached skill level 3 in Axes
  2145 | D:3      | Noticed an ogre
  2150 | D:3      | Killed an ogre
  2151 | D:3      | Reached skill level 1 in Dodging
  2151 | D:3      | Reached XP level 6. HP: 19/48 MP: 6/6
  2708 | D:3      | Noticed Grinder
  2722 | D:3      | Killed Grinder
  2723 | D:3      | Reached skill level 4 in Axes
  2723 | D:3      | Reached XP level 7. HP: 14/54 MP: 7/7
  3072 | D:3      | Noticed Sigmund
  3081 | D:3      | Killed Sigmund
  3082 | D:3      | Reached skill level 5 in Armour
  3564 | D:4      | Found a burning altar of Makhleb.
  3573 | D:4      | Became a worshipper of Makhleb the Destroyer
  3663 | D:4      | Reached skill level 5 in Axes
  3827 | D:4      | Noticed Pikel
  3844 | D:4      | Killed Pikel
  3845 | D:4      | Reached skill level 1 in Stealth
  3845 | D:4      | Reached XP level 8. HP: 57/61 MP: 7/9
  3986 | D:4      | Reached skill level 6 in Axes
  4161 | D:4      | Reached skill level 5 in Fighting
  4327 | D:5      | Entered Level 5 of the Dungeon
  4455 | D:5      | Reached XP level 9. HP: 55/68 MP: 11/11
  4495 | D:5      | Found a blossoming altar of Fedhas.
  4674 | D:5      | Noticed Prince Ribbit
  5380 | D:6      | Reached * piety under Makhleb
  5439 | D:6      | Got a translucent amber ring
  5441 | D:6      | Identified the ring "Ceyckut" {Str+6 Dex+4 Slay+2 Stlth-}
                  | (You found it on level 6 of the Dungeon)
  5471 | D:6      | Reached skill level 1 in Throwing
  6122 | D:6      | Found a radiant altar of Vehumet.
  6560 | D:7      | Reached skill level 7 in Axes
  6826 | D:7      | Found a staircase to the Ecumenical Temple.
  6851 | Temple   | Entered the Ecumenical Temple
  7667 | D:8      | Noticed a komodo dragon
  7677 | D:8      | Reached XP level 10. HP: 76/76 MP: 13/13
  7684 | D:8      | Killed a komodo dragon
  7684 | D:8      | Reached ** piety under Makhleb
  7685 | D:8      | Reached skill level 8 in Axes
  7693 | D:8      | Got an ichor-stained dagger
  7694 | D:8      | Identified the +8 dagger "Sidem" {pain, Will++ SInv} (You
                  | found it on level 8 of the Dungeon)
  7785 | D:8      | Reached skill level 5 in Invocations
  7793 | D:8      | Found a staircase to the Lair.
  8353 | D:8      | Found a hazy altar of Hepliaklqana.
  8356 | D:8      | Found a shadowy altar of Dithmenos.
  8359 | D:8      | Found an ornate altar of the Wu Jian Council.
  8881 | D:9      | Found Routzus's Book Shoppe.
  8980 | D:9      | Found Liuguod's Antique Armour Shoppe.
  8985 | D:9      | Bought a pair of embroidered boots for 187 gold pieces
  9264 | D:9      | Reached skill level 9 in Axes
  9406 | D:10     | Entered Level 10 of the Dungeon
  9489 | D:10     | Reached XP level 11. HP: 83/83 MP: 15/15
  9533 | D:10     | Reached *** piety under Makhleb
  9554 | D:10     | Got a warped rapier
  9555 | D:10     | Identified the cursed +0 rapier of the Invisible Shrikes
                  | {freeze, Int+5} (You found it on level 10 of the Dungeon)
  9575 | D:10     | Noticed Psyche
  9585 | D:10     | Killed Psyche
  9639 | D:10     | Reached skill level 1 in Short Blades
  9684 | D:10     | Found a roughly hewn altar of Beogh.
  9684 | D:10     | Found a staircase to the Orcish Mines.
 10558 | D:11     | Noticed a cyclops
 10601 | D:11     | Killed a cyclops
 10885 | D:11     | Reached **** piety under Makhleb
 10947 | D:11     | Noticed a green ugly thing
 10963 | D:11     | Killed a green ugly thing
 11094 | D:11     | Noticed a boulder beetle
 11116 | D:11     | Killed a boulder beetle
 11949 | D:12     | Reached XP level 12. HP: 92/92 MP: 18/18
 12628 | D:12     | Noticed a two-headed ogre
 12638 | D:12     | Reached skill level 5 in Short Blades
 12662 | D:12     | Killed a two-headed ogre
 12663 | D:12     | Reached skill level 5 in Dodging
 12895 | D:12     | Noticed an unseen horror
 12933 | D:12     | Killed an unseen horror
 12934 | D:12     | Reached skill level 10 in Axes
 12944 | D:12     | Noticed Erolcha
 12975 | D:12     | Killed Erolcha
 13164 | D:12     | Found a shadowy altar of Dithmenos.
 13692 | D:13     | Noticed a two-headed ogre
 13707 | D:13     | Killed a two-headed ogre
 13710 | D:13     | Noticed a boulder beetle
 13781 | D:13     | Killed a boulder beetle
 14151 | D:13     | Found a gate leading to a gauntlet.
 14151 | D:13     | Noticed a six-headed hydra
 14194 | D:13     | Noticed a centaur warrior
 15021 | D:13     | Killed a centaur warrior
 15022 | D:13     | Reached XP level 13. HP: 83/99 MP: 20/20
 15248 | D:13     | Reached skill level 5 in Stealth
 15403 | D:13     | Reached skill level 10 in Invocations
 15408 | D:13     | Identified the cursed +0 leather armour "Pesag" {+Inv SInv}
 15433 | D:13     | Noticed a centaur warrior
 15452 | D:13     | Killed a centaur warrior
 15796 | Lair:1   | Entered Level 1 of the Lair of Beasts
 15940 | Lair:1   | Got a masterwork ring mail
 15950 | Lair:1   | Identified the +0 ring mail of Discretion {Rampage} (You
                  | found it on level 1 of the Lair of Beasts)
 16677 | Lair:2   | Noticed a five-headed hydra
 17421 | Lair:2   | Noticed a six-headed hydra
 17829 | Orc:1    | Entered Level 1 of the Orcish Mines
 18068 | Orc:1    | Reached skill level 11 in Axes
 18113 | Orc:1    | Reached ***** piety under Makhleb
 18198 | Orc:2    | Entered Level 2 of the Orcish Mines
 18290 | Orc:2    | Noticed an orc warlord
 18305 | Orc:2    | Noticed a cacodemon
 18624 | Orc:2    | Killed an orc warlord
 18951 | Orc:2    | Gained mutation: Your spells are a little easier to cast,
                  | but a little less powerful. [a neqoxec]
 18960 | Orc:2    | Reached skill level 10 in Fighting
 18994 | Orc:2    | Found a staircase to the Elven Halls.
 19100 | Orc:2    | Reached XP level 14. HP: 109/110 MP: 22/22
 19193 | Orc:2    | Found Toqal's Antique Armour Shop.
 19201 | Orc:2    | Bought a pair of glowing gloves for 165 gold pieces
 19323 | Orc:2    | Found Coetan's General Store.
 19331 | Orc:2    | Bought a scroll of fear for 59 gold pieces
 19331 | Orc:2    | Bought a scroll of identify for 34 gold pieces
 19331 | Orc:2    | Bought 2 scrolls of identify for 68 gold pieces
 19461 | Orc:2    | Found Ymerhera's Book Shop.
 19605 | Orc:2    | Found Xame Uru's Antique Weapon Emporium.
 19647 | Orc:2    | Bought a slimy battleaxe for 264 gold pieces
 19647 | Orc:2    | Identified the +11 battleaxe of Harmony {freeze, Will+}
                  | (You bought it in a shop on level 2 of the Orcish Mines)
 19690 | Orc:2    | Found a burning altar of Makhleb.
 20714 | Lair:3   | Got a transparent rapier
 20714 | Lair:3   | Identified the +1 rapier of Glory {vorpal, rC++} (You found
                  | it on level 3 of the Lair of Beasts)
 20858 | Lair:3   | Reached skill level 12 in Axes
 20969 | Lair:3   | Found a staircase to the Swamp.
 21079 | Lair:3   | Found a hole to the Spider Nest.
 21439 | Lair:4   | Noticed Snorg
 21469 | Lair:4   | Killed Snorg
 21472 | Lair:4   | HP: 5/169 [something (14)]
 21476 | Lair:4   | Slain by an eight-headed hydra

Illustrated notes

Levels and vault maps discovered:
D:1:      mrwooster_arrival_statue_3, layout_basic
D:2:      kennysheep_the_goblin_king, layout_loops_ring, minmay_misc_feat_doors,
          grunt_decor_fettered, elyvilon_altar_1, uniq_jessica
D:3:      layout_basic, uniq_sigmund, uniq_grinder, uniq_ijyb
D:4:      layout_loops_corners, bloody_makhleb, uniq_pikel
D:5:      layout_basic, fedhas_altar_1, uniq_prince_ribbit1
D:6:      layout_layer_cave, kennysheep_mini
D:7:      minmay_flawed_box, layout_basic, minmay_temple_entry_ruins
D:8:      layout_basic, grunt_temple_overflow_diamond,
          grunt_lair_entry_orc_guard_hut
D:9:      layout_gridville, serial_shops, shop, shop
D:10:     layout_basic, david_orc_5, uniq_psyche
D:11:     layout_loops_ring
D:12:     layout_gridville, grunt_dithmenos_smoke_and_mirrors, uniq_erolcha
D:13:     layout_loops_ring, grunt_vaults_entry_fortified,
          gauntlet_entry_generic, serial_park_tiny_2, minmay_fractal_squares_5
D:14:     layout_rooms, chequers_big_river
Temple:   dpeg_five_rooms_temple
Lair:1:   layout_chaotic_city, serial_bayou_shore_b
Lair:2:   layout_chaotic_city, grunt_megastairs_3
Lair:3:   layout_concentric_octagons, palyth_hydra_swamp_entry,
          spider_nest_entry_funnel_web, beast_lair_carwin_5
Lair:4:   layout_concentric_octagons, kennysheep_abandoned_house,
          grunt_megastairs_5, uniq_snorg
Orc:1:    layout_diamond_mine
Orc:2:    grunt_orc_gardens, layout_diamond_mine, grunt_orc_garden,
          grunt_orc_garden, grunt_orc_garden, grunt_orc_garden, basic_altar

Skill      XL: |  1  2  3  4  5  6  7  8  9 10 11 12 13 14 |
---------------+-------------------------------------------+-----
Shields        | 4 5 6 7 8 9 |  9.3
Armour         | 4 5 6 7 8 9 |  9.5
Axes           | 3 4 5 6 7 9 10 11 12 | 12.3
Dodging        | 1 2 3 4 5 6 7 |  7.1
Fighting       | 4 5 6 7 8 10 11 | 11.3
Stealth        | 1 2 3 4 5 |  5.4
Invocations    | 2 3 4 6 8 9 11 | 11.8
Throwing       | 1 2 3 |  3.9
Short Blades   | 4 6 7 |  7.4

Action                   |  1- 3 |  4- 6 |  7- 9 | 10-12 | 13-15 || total
-------------------------+-------+-------+-------+-------+-------++-------
Melee: War axe           |    81 |   119 |   298 |   315 |   118 ||   931
       Dagger            |       |       |       |   694 |   353 ||  1047
       Battleaxe         |       |       |       |       |   256 ||   256
       Scimitar          |       |       |       |       |     1 ||     1
Throw: Stone             |       |       |    28 |       |       ||    28
       Boomerang         |       |       |     7 |    33 |    27 ||    67
       Dart              |       |       |     6 |     6 |     1 ||    13
Invok: Minor Destruction |       |       |       |     2 |       ||     2
       Lesser Servant of |       |       |       |    14 |    18 ||    32
       Greater Servant o |       |       |       |       |     3 ||     3
       Major Destruction |       |       |       |       |     1 ||     1
 Abil: Dig               |     1 |     1 |     3 |    25 |     8 ||    38
  Use: Potion            |       |     1 |     1 |     8 |     7 ||    17
       Scroll            |       |       |    11 |    11 |     6 ||    28
 Stab: Petrified         |       |       |       |     7 |       ||     7
       Petrifying        |       |       |       |     4 |     1 ||     5
       Paralysed         |       |       |       |     3 |       ||     3
       Confused          |       |       |       |     1 |       ||     1
       Distracted        |       |       |       |       |     1 ||     1
Armor: Scale mail        |    53 |    59 |    91 |       |       ||   203
       Ring mail         |       |       |     2 |   251 |    44 ||   297
       Plate armour      |       |       |       |       |   169 ||   169
       Skin              |       |       |       |       |    16 ||    16
Dodge: Dodged            |    37 |    42 |    96 |   448 |   301 ||   924
       Repelled          |       |       |       |       |     2 ||     2
Block: Kite shield       |    74 |    82 |   164 |   622 |   463 ||  1405
